 Dungeon Crawl Stone Soup version 0.26.0-16-gc1dbca0489 (webtiles) character file.

Game seed: 692911490883263314

91 trckry the Vexing (level 4, -5/30 HPs)
             Began as a Vampire Enchanter on Jan 20, 2021.
             Slain by Crazy Yiuf
             ... wielding a +3 quarterstaff of chaos
              (16 damage)
             ... on level 3 of the Dungeon.
             The game lasted 00:04:32 (2615 turns).

trckry the Vexing (Vampire Enchanter)               Turns: 2615, Time: 00:04:33

Health: -5/30      AC:  3    Str:  8    XL:     4   Next: 34%
Magic:  4/7        EV: 12    Int: 17    God:
Gold:   111        SH:  0    Dex: 14    Spells: 1/7 levels left

rFire    . . .     SeeInvis +   a - +1 dagger
rCold    . . .     Faith    .   (no shield)
rNeg     + . .     Spirit   .   b - +0 robe
rPois    +         Reflect  .   (no helmet)
rElec    .         Harm     .   (no cloak)
rCorr    .         Rampage  .   f - +0 pair of gloves
Will     .....                  (no boots)
Stlth    +++.......             (no amulet)
HPRegen  0.30/turn              k - ring of poison resistance
MPRegen  0.10/turn              s - ring of positive energy

@: regenerating quickly
A: fangs 3, see invisible, unbreathing
a: Exsanguinate


You were on level 3 of the Dungeon.
You visited 1 branch of the dungeon, and saw 3 of its levels.

You collected 111 gold pieces.

Inventory:

Hand Weapons
 a - a +1 dagger (weapon)
Armour
 b - a +0 robe (worn)
 f - a +0 pair of gloves (worn)
 h - +0 fire dragon scales
Jewellery
 k - a ring of poison resistance (left hand)
 s - a ring of positive energy (right hand)
Wands
 g - a wand of flame (20)
 q - a wand of polymorph (8)
Scrolls
 c - 9 scrolls of remove curse {unknown}
 d - 2 scrolls of enchant armour {unknown}
 l - a scroll of blinking {unknown}
 m - 4 scrolls of identify {unknown}
 o - a scroll of amnesia {unknown}
 p - a scroll of enchant weapon {unknown}
Potions
 e - a potion of lignification {unknown}
 i - a potion of resistance {unknown}
 j - a potion of curing {unknown}
 n - 2 potions of attraction {unknown}
 r - a potion of flight {unknown}


   Skills:
 * Level 3.0 Short Blades
 - Level 2.1 Dodging
 + Level 5.2 Stealth
 - Level 2.0 Spellcasting
 * Level 5.5 Hexes
 + Level 1.1 Ice Magic


You had one spell level left.
You knew the following spells:

 Your Spells              Type           Power        Failure   Level
a - Corona                Hex            22%          1%          1
b - Ensorcelled Hibernat  Hex/Ice        26%          8%          2
c - Confusing Touch       Hex            20%          6%          3

Your spell library contained the following spells:

 Spells                   Type           Power        Failure   Level
 Tukima's Dance           Hex            20%          6%          3
 Dazzling Flash           Conj/Hex       22%          19%         3


Dungeon Overview and Level Annotations

Branches:
Dungeon (3/15)

Altars:
Nemelex Xobeh

Annotations:
D:3 Crazy Yiuf


Innate Abilities, Weirdness & Mutations

Your natural rate of healing is unusually fast.
You have razor-sharp teeth.
You have supernaturally acute eyesight. (SInv)
You can survive without breathing.


Message History

Crazy Yiuf grits, "Fire forty-two head!"
You hit Crazy Yiuf but do no damage. You hit Crazy Yiuf but do no damage.
Crazy Yiuf hits you but does no damage. You partially resist.
You hit Crazy Yiuf but do no damage.
Crazy Yiuf appears confused.
Your bite misses Crazy Yiuf. Crazy Yiuf misses you.
You barely miss Crazy Yiuf.
You strike the helpless Crazy Yiuf from behind!
You puncture Crazy Yiuf!
Crazy Yiuf is severely wounded.
Crazy Yiuf hits you with a +3 quarterstaff of chaos!
Space warps horribly around you!
You barely miss Crazy Yiuf.
Crazy Yiuf is severely wounded.
You barely miss Crazy Yiuf.
Crazy Yiuf is severely wounded.
Crazy Yiuf scratches his head thoughtfully.
Crazy Yiuf hits you with a +3 quarterstaff of chaos!
Ouch! That really hurt!
You die...

#
#........####.#########.....
# #.#.#....####.# #.#### #
#.#.#.........# #####.# #
#..############ #.....# #.##
####### #.# #.##### ###
#.)..)## ###..)#
#.....)####@g...#
##......#..##...#
##....#.### ### ########


You could see Crazy Yiuf (confused).

Vanquished Creatures
  An adder (D:2)
  2 oozes (D:1)
  3 worms (D:2)
  2 dart slugs (D:2)
  5 leopard geckos
  An orc (D:3)
  4 giant cockroaches
  5 hobgoblins
  8 kobolds
  A quokka (D:3)
  A ball python (D:2)
  5 bats
  A frilled lizard (D:2)
  7 goblins
  7 rats
53 creatures vanquished.

Notes
Turn   | Place    | Note
-------+----------+-------------------------------------------
     0 | D:1      | trckry the Vampire Enchanter began the quest for the Orb.
     0 | D:1      | Reached XP level 1. HP: 13/13 MP: 3/3
   291 | D:1      | Reached XP level 2. HP: 15/19 MP: 5/5
   349 | D:1      | Learned a level 2 spell: Ensorcelled Hibernation
   477 | D:1      | You fall into a shaft and drop 1 floor!
  1047 | D:2      | Reached XP level 3. HP: 24/24 MP: 6/6
  1071 | D:2      | Reached skill level 5 in Stealth
  1074 | D:2      | Reached skill level 5 in Hexes
  1161 | D:2      | Learned a level 3 spell: Confusing Touch
  1571 | D:2      | Reached skill level 1 in Ice Magic
  1734 | D:2      | Reached XP level 4. HP: 30/30 MP: 7/7
  2304 | D:3      | Found a sparkling altar of Nemelex Xobeh.
  2521 | D:3      | Found a runed translucent door.
  2522 | D:3      | Noticed Crazy Yiuf
  2615 | D:3      | Slain by Crazy Yiuf

Illustrated notes

Levels and vault maps discovered:
D:1:      dpeg_arrival_arbitrary_c, layout_basic
D:2:      layout_loops_corners
D:3:      layout_basic, general_overflow_altar, minmay_misc_feat_encased,
          minmay_cupped, uniq_crazy_yiuf_cottage

Skill      XL: |  1  2  3  4 |
---------------+-------------+-----
Short Blades   | 2 3 |  3.0
Stealth        | 5 |  5.2
Hexes          | 5 |  5.5
Ice Magic      | 1 |  1.1
Dodging        | |  2.1
Spellcasting   | |  2.0

Action                   |  1- 3 |  4- 6 || total
-------------------------+-------+-------++-------
Melee: Dagger            |   139 |    53 ||   192
       Bite              |    14 |     4 ||    18
 Cast: Ensorcelled Hiber |     3 |       ||     3
       Confusing Touch   |       |     1 ||     1
 Stab: Sleeping          |    12 |     6 ||    18
       Distracted        |     1 |       ||     1
       Confused          |       |     1 ||     1
Armor: Robe              |    12 |     5 ||    17
Dodge: Dodged            |    77 |    20 ||    97
